Map: Base du roi Sejong EC

Players

lft

  • Race: Terran Terran
  • League: Gold
  • Spawn Location: 11:00

zidar - Winner!

  • Race: Zerg Zerg
  • League: Platinum
  • Spawn Location: 5:00

VOD

Have the link to the VOD?

Description

Time

  • Played on: Oct. 12, 2016, 9:24 a.m.
  • Length: 18:30
Show
View Real Time Build Order
Export as new Build Order

lft Terran 

Build Orders:  

Get SALT Encoding   

  12  0:02  SCV  
  14  0:14  SCV  
  14  0:18  Supply Depot  
  14  0:26  SCV  
  15  0:39  SCV  
  15  0:41  Barracks  
  16  0:52  SCV  
  17  1:04  SCV  
  18  1:16  SCV  
  19  1:22  Command Center  
  19  1:28  SCV  
  19  1:31  Bunker  
  19  1:32  Marine  
  21  1:39  Supply Depot  
  21  1:49  Marine  
  21  1:53  SCV  
  23  2:06  Bunker  
  23  2:14  Marine  
  24  2:15  SCV  
  24  2:20  Barracks  
  24  2:22  Barracks  
  25  2:24  Refinery  
  25  2:29  Refinery  
  25  2:30  SCV  
  25  2:32  Marine  
  27  2:49  SCV x2  
  27  2:50  Marine  
  30  3:02  Supply Depot  
  30  3:03  Orbital Command  
  30  3:08  Marine  
  31  3:13  Engineering Bay  
  31  3:26  Marine x2  
  33  3:27  Marine  
  34  3:34  SCV  
  34  3:39  Planetary Fortress  
  35  3:46  SCV  
  36  3:49  Supply Depot  
  36  3:59  Supply Depot  
  36  4:01  Marine x2  
  36  4:02  Marine  
  39  4:03  SCV  
  39  4:07  Terran Infantry Weapons Level 1  
  40  4:14  Factory  
  40  4:15  SCV  
  40  4:16  SCV  
  42  4:25  Supply Depot  
  42  4:28  SCV  
  42  4:29  SCV  
  44  4:35  Barracks Tech Lab x2  
  44  4:42  Barracks Reactor  
  44  4:43  Barracks  
  44  4:50  Barracks  
  44  4:55  SCV x2  
  46  5:07  Missile Turret, SCV x2, Supply Depot  
  48  5:18  Combat Shield  
  48  5:30  Missile Turret x2, Barracks Reactor  
  48  5:43  Missile Turret  
  48  5:45  SCV x2  
  48  5:46  Missile Turret  
  48  5:48  Missile Turret, Barracks Reactor  
  50  5:50  Barracks Reactor  
  50  5:51  Missile Turret  
  50  5:56  Missile Turret  
  50  5:57  SCV x2  
  51  5:58  Missile Turret  
  51  6:01  Terran Infantry Armor Level 1  
  51  6:02  Siege Tank  
  55  6:10  Marine x3  
  55  6:11  Marine x2  
  59  6:17  Missile Turret  
  60  6:28  Marine x4  
  60  6:29  Marine  
  65  6:34  Siege Tank  
  65  6:37  Stimpack  
  68  6:40  Marine x4  
  68  6:46  Marine x4  
  76  7:02  Marine x5  
  81  7:08  Barracks  
  81  7:09  Barracks  
  81  7:13  Barracks  
  81  7:16  Engineering Bay  
  81  7:17  Armory  
  81  7:23  Command Center  
  81  7:24  Marine x2  
  83  7:31  SCV x2  
  83  7:35  Marine  
  86  8:11  Marine x3  
  86  8:12  Marine x7, SCV  
  86  8:30  Marine  
  86  8:31  Marine  
  86  8:33  Marine  
  86  8:34  Marine  
  86  8:35  Siege Tank  
  89  8:43  Supply Depot  
  89  8:45  Supply Depot  
  89  8:46  Supply Depot  
  89  8:50  Barracks Reactor x3  
  89  8:54  Terran Infantry Weapons Level 2  
  89  9:07  Siege Tank, Terran Infantry Armor Level 2  
  92  9:12  Barracks  
  92  9:14  Barracks  
  92  9:15  Barracks  
  92  9:26  Supply Depot  
  92  9:27  Supply Depot  
  92  9:28  Supply Depot  
  92  9:31  Marine x4  
  92  9:32  Marine x6  
  92  9:33  Marine  
  92  9:34  Marine x3  
  106  9:39  Planetary Fortress  
  106  9:41  SCV x2  
  108  9:50  Supply Depot  
  108  9:51  Supply Depot  
  108  9:53  SCV x2, Supply Depot  
  108  9:57  Marine x2  
  108  9:58  Supply Depot  
  112  10:05  SCV  
  112  10:06  SCV  
  114  10:07  Missile Turret  
  114  10:13  Missile Turret  
  114  10:17  SCV  
  114  10:18  Missile Turret, SCV x2  
  117  10:29  SCV  
  117  10:30  SCV x2  
  117  10:35  Siege Tank  
  120  10:41  SCV  
  120  10:42  SCV x2  
  123  10:48  Marine x2  
  125  10:59  Sensor Tower  
  125  11:02  Refinery  
  125  11:07  Siege Tank  
  125  11:10  Hi-Sec Auto Tracking  
  128  11:14  Refinery  
  128  11:32  Marine x4  
  132  11:33  Starport  
  132  11:49  Sensor Tower  
  132  11:52  Supply Depot  
  132  11:55  Supply Depot x2  
  132  12:19  Refinery  
  132  12:22  Refinery, SCV x2  
  134  12:32  Starport Reactor  
  134  12:33  Marine  
  135  12:39  Marine, Terran Infantry Weapons Level 3, Terran Infantry Armor Level 3  
  135  12:42  Marine  
  135  12:43  Marine x15  
  152  12:51  Marine  
  152  12:57  Marine  
  154  13:00  Marine x5  
  154  13:01  Marine x7, Barracks Reactor  
  154  13:02  Barracks Reactor x2  
  166  13:09  Medivac x2  
  159  13:38  Marine  
  159  13:39  Medivac x2  
  120  13:46  Marine  
  120  13:47  Marine x19  
  140  13:56  Marine  
  141  14:04  Marine  
  141  14:05  Marine x18  
  141  14:08  Marine  
  141  14:09  Medivac x2  
  165  14:13  Marine  
  166  14:22  Marine x2  
  166  14:23  Marine x12  
  165  14:32  Marine  
  166  14:43  Marine  
  166  14:44  Marine x11  
  178  15:04  Marine  
  178  15:05  Marine x9  
  174  15:08  Marine  
  174  15:11  Marine  
  174  15:12  Marine  
  177  15:26  Marine x8  
  181  15:49  Marine x2  
  178  15:50  Marine x5  
  178  15:52  Marine  
  182  16:23  Marine x8  
  182  16:24  Marine x5  
  160  16:43  Marine x7  
  155  16:48  Marine x4  
  137  17:03  Marine  
  138  17:15  Supply Depot  
  78  17:46  Marine  
  78  17:47  Marine x6  
  78  17:48  Marine x11  
  78  17:49  Marine  
  83  17:55  Marine x2  
  71  18:04  Marine  
  70  18:06  Marine x2  
Show
View Real Time Build Order
Export as new Build Order

zidar Zerg - Winner!

Build Orders: Hatch First 

Get SALT Encoding   

  12  0:01  Drone  
  13  0:12  Overlord  
  13  0:17  Drone  
  14  0:30  Drone x2  
  16  0:50  Hatchery  
  16  0:52  Drone  
  16  0:57  Extractor, Drone  
  16  1:17  Spawning Pool, Drone  
  16  1:33  Drone x3  
  19  2:04  Overlord  
  19  2:07  Queen x2  
  23  2:09  Zergling x2  
  23  2:10  Zergling x2  
  23  2:13  Zergling x2  
  25  2:24  Metabolic Boost  
  25  2:28  Drone x2  
  27  2:30  Drone  
  28  2:44  Roach Warren  
  27  2:50  Pneumatized Carapace  
  27  2:59  Baneling Nest  
  26  3:07  Drone x4  
  30  3:15  Extractor  
  30  3:17  Drone x3  
  32  3:38  Drone  
  33  3:42  Drone x3  
  33  3:43  Overlord  
  33  3:44  Overlord  
  36  3:56  Lair  
  36  4:05  Extractor  
  36  4:06  Extractor  
  34  4:20  Hatchery  
  34  4:22  Evolution Chamber  
  34  4:24  Evolution Chamber, Drone x3  
  33  4:26  Drone  
  35  4:33  Drone  
  35  4:34  Drone x2  
  38  4:44  Queen  
  42  4:52  Drone x2  
  42  4:53  Drone x3  
  45  5:36  Zergling x2  
  45  5:37  Zergling x24  
  45  5:39  Baneling  
  45  5:40  Baneling x5  
  45  5:42  Overlord x3  
  58  5:47  Zerg Ground Armor Level 1, Zerg Melee Weapons Level 1  
  58  6:08  Baneling  
  58  6:09  Baneling x4  
  58  6:10  Centrifical Hooks  
  58  6:15  Drone x5  
  63  6:19  Zergling x2  
  63  6:20  Zergling x8  
  68  6:33  Drone  
  68  6:35  Drone x2  
  71  6:42  Zergling x6  
  74  6:55  Overlord  
  74  6:56  Overlord x3  
  74  6:58  Drone x4  
  78  7:03  Drone x4  
  82  7:17  Infestation Pit  
  81  7:31  Spire  
  80  7:51  Queen  
  66  8:19  Zergling x8  
  70  8:20  Zergling x22  
  77  8:34  Queen  
  77  8:37  Zergling x14  
  77  8:39  Baneling x16  
  77  8:40  Baneling  
  86  8:45  Zerg Ground Armor Level 2, Zerg Melee Weapons Level 2  
  86  8:50  Corruptor x2  
  86  8:51  Corruptor x2  
  94  9:07  Baneling  
  94  9:08  Baneling x4  
  95  9:10  Drone x4  
  95  9:14  Overlord x2  
  95  9:15  Overlord x4  
  98  9:19  Hive  
  98  9:21  Zerg Flyer Weapons Level 1  
  98  9:39  Zergling x10  
  98  9:40  Zergling x6  
  106  10:15  Drone x3  
  106  10:16  Drone x6  
  107  10:39  Adrenal Glands  
  107  10:45  Ultralisk Cavern  
  106  10:52  Zergling x18  
  115  11:18  Overlord  
  115  11:19  Overlord x3  
  115  11:27  Zerg Ground Armor Level 3  
  115  11:28  Zerg Melee Weapons Level 3  
  115  11:31  Hatchery  
  115  11:32  Chitinous Plating  
  114  12:04  Ultralisk x2  
  114  12:05  Ultralisk x3  
  144  12:11  Corruptor x2  
  148  12:20  Overseer x2  
  148  12:28  Extractor  
  147  12:30  Extractor  
  146  12:43  Drone x7  
  154  12:44  Drone x2  
  154  12:45  Drone  
  156  13:24  Hatchery  
  117  13:42  Zergling x24  
  117  13:43  Zergling x6  
  117  13:44  Zergling x12  
  117  13:46  Ultralisk x2  
  117  13:47  Ultralisk x2  
  162  13:58  Hatchery  
  161  14:04  Baneling x9  
  159  14:27  Baneling x9  
  159  14:28  Baneling x8  
  159  14:30  Zergling x6  
  159  14:31  Zergling x2  
  104  16:06  Spawning Pool  
Tags
 
Add a new tag
Caveats
  • Supply blocks, unpowered buildings, or Contaminate may cause inaccurate times.
  • Supply counts are checked every 10 seconds.